Map: White Rabbit LE

Players

Elazer

  • Race: Zerg Zerg
  • League: Master
  • Spawn Location: 1:00

Harstem - Winner!

  • Race: Protoss Protoss
  • League: Grandmaster
  • Spawn Location: 7:00

VOD

Have the link to the VOD?

Description

Time

  • Played on: Jan. 31, 2026, 6:21 a.m.
  • Length: 14:05
Show
View Real Time Build Order
Export as new Build Order

Elazer Zerg 

Build Orders: Hatch First 

Get SALT Encoding   

  12  0:00  Drone  
  13  0:08  Drone  
  13  0:14  Extractor, Drone  
  15  0:21  Overlord  
  15  0:39  Drone  
  16  0:45  Hatchery  
  16  0:49  Drone  
  16  0:52  Drone  
  16  0:55  Drone  
  18  1:06  Extractor  
  17  1:12  Spawning Pool  
  17  1:15  Drone  
  17  1:19  Drone  
  18  1:26  Drone  
  19  1:37  Drone  
  20  1:47  Overlord  
  20  1:59  Queen x2, Drone  
  20  2:00  Zergling x2  
  26  2:10  Drone  
  26  2:11  Metabolic Boost  
  26  2:13  Zergling x2  
  28  2:19  Drone  
  28  2:20  Drone  
  31  2:30  Drone x2  
  31  2:35  Queen  
  34  2:47  Hatchery  
  34  2:51  Overlord  
  33  2:55  Zergling x2  
  33  2:56  Zergling x2  
  36  2:58  Drone  
  36  3:05  Overlord  
  36  3:10  Drone x4  
  40  3:19  Drone x2  
  42  3:25  Queen  
  44  3:28  Queen  
  44  3:34  Overlord  
  46  3:35  Drone  
  46  3:37  Drone  
  46  3:38  Drone  
  46  3:40  Drone  
  50  3:42  Drone  
  50  3:47  Drone  
  52  3:51  Overlord  
  52  3:55  Roach Warren  
  52  3:56  Zergling x4  
  52  4:02  Overlord  
  53  4:04  Zergling x6  
  53  4:09  Zergling x4  
  57  4:14  Zergling x2  
  57  4:15  Zergling x6  
  57  4:17  Zergling x6  
  63  4:21  Overlord  
  64  4:24  Drone  
  65  4:35  Overlord  
  64  4:39  Roach x3  
  64  4:42  Hatchery  
  64  4:44  Drone x2  
  71  4:48  Drone x2  
  71  4:51  Drone x2  
  75  4:54  Drone x3  
  75  4:56  Drone  
  75  4:58  Drone  
  80  5:05  Drone x4  
  84  5:09  Overlord  
  84  5:12  Extractor x2  
  82  5:18  Extractor x2  
  82  5:19  Drone x4  
  84  5:22  Lair, Overlord  
  84  5:24  Drone x2  
  84  5:26  Drone x2  
  84  5:28  Drone  
  89  5:30  Drone x2  
  89  5:34  Overlord  
  88  5:44  Overlord  
  88  5:48  Roach x6  
  91  5:50  Overlord  
  91  5:55  Drone x2  
  90  6:00  Extractor  
  90  6:03  Roach  
  90  6:04  Roach x6  
  104  6:06  Pneumatized Carapace  
  104  6:08  Overlord  
  104  6:14  Drone  
  104  6:15  Drone  
  106  6:20  Overlord  
  106  6:21  Glial Reconstitution  
  106  6:28  Drone x9  
  106  6:31  Extractor  
  114  6:35  Overlord  
  114  6:39  Roach x5  
  124  6:51  Overlord  
  124  6:52  Roach x5  
  134  6:59  Overlord x2  
  134  7:01  Roach x3  
  140  7:04  Roach x2  
  144  7:10  Zergling x2  
  144  7:11  Zergling x10  
  144  7:12  Ravager x3  
  144  7:15  Zergling x6  
  150  7:31  Zergling x28  
  161  7:46  Ravager  
  161  7:47  Ravager x4, Zergling x2  
  161  7:48  Zergling x20  
  163  8:01  Zergling x8  
  143  8:13  Roach x8  
  143  8:19  Roach  
  145  8:24  Roach x3  
  134  8:33  Roach x3  
  123  8:38  Queen  
  123  8:41  Overlord  
  123  8:44  Roach  
  123  8:45  Roach x3  
  123  8:47  Evolution Chamber  
  130  8:54  Roach x2  
  134  8:59  Drone  
  134  9:00  Overlord, Hydralisk Den  
  134  9:01  Roach  
  134  9:02  Queen  
  136  9:07  Queen, Overlord  
  140  9:18  Overlord  
  140  9:19  Drone x11  
  140  9:21  Ravager  
  140  9:22  Ravager  
  152  9:25  Zerg Missile Weapons Level 1, Ravager x8  
  160  9:40  Roach x8  
  160  9:42  Grooved Spines  
  170  9:49  Extractor, Overlord  
  170  9:51  Extractor  
  168  9:56  Hydralisk x5  
  178  10:03  Overlord  
  178  10:04  Overlord, Overseer  
  178  10:07  Hatchery  
  174  10:14  Drone x4  
  174  10:22  Hydralisk x4  
  174  10:23  Hydralisk x4  
  174  10:26  Overlord  
  190  10:32  Drone x9  
  199  10:40  Muscular Augments  
  199  10:44  Drone  
  199  10:45  Infestation Pit  
  189  11:08  Hydralisk x8  
  199  11:17  Spine Crawler  
  191  11:33  Hydralisk x4  
  191  11:37  Hive  
  191  11:46  Hydralisk  
  191  11:47  Hydralisk x11  
  180  11:51  Overlord  
  180  11:54  Spine Crawler  
  152  12:34  Overlord  
  152  12:35  Hydralisk x14  
  155  12:48  Hydralisk x4  
  163  12:57  Hydralisk  
  164  13:02  Hydralisk x3  
  121  13:23  Hydralisk x8  
  129  13:30  Hydralisk x4  
  133  13:38  Hydralisk  
Show
View Real Time Build Order
Export as new Build Order

Harstem Protoss - Winner!

Build Orders: 1 Gate Expand, Archon Immortal, Mass Adepts 

Get SALT Encoding   

  12  0:00  Probe  
  13  0:12  Probe  
  14  0:19  Pylon  
  14  0:24  Probe  
  15  0:33  Probe  
  15  0:40  Gateway  
  15  0:41  Probe  
  16  0:49  Assimilator  
  17  0:51  Probe  
  18  1:03  Probe  
  19  1:16  Probe  
  20  1:25  Nexus  
  20  1:35  Cybernetics Core  
  20  1:38  Probe  
  21  1:43  Assimilator  
  21  1:50  Probe  
  22  1:54  Pylon  
  22  2:02  Adept, Probe  
  23  2:12  Warp Gate  
  23  2:14  Probe  
  26  2:23  Adept  
  26  2:24  Twilight Council  
  26  2:26  Probe  
  29  2:37  Probe  
  29  2:38  Probe  
  31  2:49  Resonating Glaives, Probe  
  31  2:50  Probe  
  33  2:56  Gateway  
  33  2:57  Adept  
  35  3:01  Probe  
  35  3:03  Probe  
  37  3:08  Gateway  
  37  3:10  Gateway  
  37  3:14  Probe  
  37  3:16  Probe  
  40  3:28  Probe  
  40  3:35  Nexus  
  40  3:38  Pylon  
  40  3:39  Probe  
  42  3:41  Probe  
  42  3:47  Pylon  
  42  3:51  Probe  
  42  3:53  Probe  
  44  4:00  Adept  
  44  4:01  Adept  
  48  4:03  Adept  
  48  4:05  Adept  
  48  4:09  Probe  
  53  4:12  Probe  
  53  4:13  Assimilator  
  54  4:18  Robotics Facility  
  54  4:21  Adept, Probe  
  57  4:24  Probe  
  57  4:25  Pylon  
  57  4:30  Adept  
  60  4:33  Probe  
  60  4:36  Adept, Probe  
  62  4:44  Assimilator, Phoenix  
  62  4:45  Adept x2, Probe x2  
  66  4:46  Probe  
  69  4:53  Probe x2  
  69  4:56  Pylon  
  69  4:59  Probe  
  72  5:04  Immortal, Sentry  
  72  5:05  Probe x2  
  76  5:11  Probe  
  81  5:17  Probe  
  81  5:18  Probe, Pylon  
  83  5:23  Probe  
  83  5:26  Forge  
  83  5:28  Sentry  
  86  5:29  Stalker, Probe  
  86  5:30  Probe  
  86  5:32  Immortal  
  90  5:42  Phoenix  
  90  5:49  Probe  
  89  5:51  Probe x2  
  89  5:52  Gateway  
  89  5:53  Charge  
  89  5:57  Gateway, Zealot x3  
  83  6:02  Protoss Ground Weapons Level 1  
  83  6:03  Immortal  
  89  6:05  Pylon, Probe  
  89  6:06  Probe, Phoenix  
  89  6:07  Shield Battery  
  95  6:19  Templar Archives  
  95  6:20  Assimilator x2  
  95  6:23  Pylon  
  95  6:24  Zealot  
  97  6:29  Probe  
  98  6:33  Shield Battery  
  98  6:35  Zealot x3  
  104  6:41  Probe  
  104  6:46  Gateway  
  105  6:47  Gateway  
  105  6:51  Gateway  
  105  6:54  Pylon, Zealot  
  105  6:56  Pylon x2  
  107  7:01  Probe  
  107  7:02  Photon Cannon  
  107  7:05  Immortal  
  107  7:07  Zealot x2  
  112  7:09  Zealot x2  
  120  7:20  Pylon  
  120  7:22  Psionic Storm  
  120  7:26  High Templar x2  
  120  7:29  Sentry, Stalker x2, Photon Cannon  
  124  7:38  Archon  
  124  7:39  Immortal  
  124  7:43  Sentry  
  124  7:44  Zealot  
  128  7:48  Zealot x2  
  136  7:54  Zealot x3  
  136  8:01  Zealot x2  
  136  8:04  Photon Cannon  
  140  8:09  Zealot x3  
  132  8:16  Zealot x3  
  128  8:21  Zealot x2  
  122  8:28  Protoss Ground Weapons Level 2  
  122  8:31  Zealot  
  122  8:32  Zealot x2  
  116  8:37  Probe  
  116  8:40  High Templar x3  
  121  8:46  Stalker  
  121  8:47  Warp Prism  
  121  8:55  Probe  
  120  8:58  Probe, Photon Cannon  
  120  9:01  Photon Cannon  
  123  9:06  High Templar  
  123  9:07  High Templar  
  127  9:12  Immortal  
  126  9:21  Phoenix  
  126  9:22  Zealot x6  
  142  9:36  Photon Cannon  
  138  9:43  Zealot x4  
  138  9:44  Zealot  
  138  9:46  Immortal  
  138  9:50  High Templar x2  
  138  9:51  Pylon  
  146  9:54  Archon  
  146  10:01  Pylon  
  146  10:08  Zealot  
  148  10:19  Observer  
  148  10:20  High Templar x3  
  148  10:21  High Templar  
  154  10:22  Zealot x2  
  154  10:28  Immortal  
  155  10:30  Archon  
  155  10:31  Archon  
  155  10:39  Probe  
  155  10:41  Gateway  
  160  10:43  Gateway, Stargate  
  160  10:45  High Templar  
  160  10:46  Zealot  
  153  11:12  Zealot x6  
  165  11:26  Nexus  
  165  11:29  Pylon  
  165  11:30  Immortal, Pylon  
  158  11:49  Zealot x10  
  178  11:54  Probe x2  
  178  11:55  Probe  
  178  12:00  Pylon  
  181  12:11  Immortal  
  177  12:28  Zealot x6  
  177  12:29  Zealot x4  
  165  12:50  Immortal  
  169  12:52  High Templar x5  
  169  12:53  High Templar, Zealot x4  
  169  12:55  Probe  
  169  12:56  Archon x2  
  186  13:05  Archon x3  
  158  13:20  Zealot x4  
  158  13:21  Probe  
  158  13:25  High Templar x5  
  158  13:26  Fleet Beacon  
  158  13:27  Observer  
  169  13:28  Probe  
  169  13:31  High Templar  
  171  13:37  Assimilator  
  171  13:38  Pylon  
  171  13:42  Assimilator  
  169  13:54  High Templar x2, Zealot x2  
Tags
 
Add a new tag
Caveats
  • Supply blocks, unpowered buildings, or Contaminate may cause inaccurate times.
  • Supply counts are checked every 10 seconds.